 Dungeon Crawl Stone Soup version 0.21-a0-509-gecc5317 (webtiles) character file.

36 kae the Insei (level 3, -1/29 HPs)
             Began as a Draconian Transmuter on Nov 29, 2017.
             Slain by an adder (5 damage)
             ... on level 2 of the Dungeon.
             The game lasted 00:01:38 (1071 turns).

kae the Insei (Draconian Transmuter)                Turns: 1071, Time: 00:01:39

Health: -1/29      AC:  5    Str: 12    XL:     3   Next: 19%
Magic:  1/6        EV: 12    Int: 13    God:
Gold:   41         SH:  0    Dex: 12    Spells: 0/6 levels left

rFire    . . .     SeeInvis .     - Unarmed
rCold    . . .     Gourm    .   (no shield)
rNeg     . . .     Faith    .   (armour unavailable)
rPois    .         Spirit   .   (helmet restricted)
rElec    .         Reflect  .   (no cloak)
rCorr    .         Harm     .   (no gloves)
MR       .....                  (no boots)
Stlth    +.........             (no amulet)
HPRegen  0.09/turn              (no ring)
MPRegen  0.10/turn              (no ring)

@: very slightly contaminated
A: unfitting armour, cold-blooded, AC +5
a: no special abilities


You were on level 2 of the Dungeon.
You were not hungry.

You visited 1 branch of the dungeon, and saw 2 of its levels.

You collected 41 gold pieces.

Inventory:

Missiles
 a - 11 arrows
Jewellery
 i - a +4 amulet of reflection
Scrolls
 k - a scroll of remove curse
Potions
 e - a potion of agility {unknown}
 f - a potion of magic {unknown}
Books
 b - a book of Changes

   Spells                             Type                      Level
   a - Beastly Appendage              Transmutation                1
   b - Sticks to Snakes               Transmutation                2
   c - Spider Form                    Transmutation/Poison         3
   d - Ice Form                       Ice/Transmutation            4
   e - Blade Hands                    Transmutation                5
Comestibles
 c - a bread ration


   Skills:
 + Level 1.7 Fighting
 - Level 1.7 Dodging
 * Level 3.5 Unarmed Combat
 + Level 2.3 Spellcasting
 + Level 2.4 Transmutations


You couldn't memorise any spells.
You knew the following spells:

 Your Spells              Type           Power        Failure   Level  Hunger
a - Beastly Appendage     Tmut           #.....       9%          1    ##.....
b - Sticks to Snakes      Tmut           #.......     14%         2    ###....
c - Spider Form           Tmut/Pois      #.........   41%         3    ####...


Dungeon Overview and Level Annotations

Branches:
Dungeon (2/15)

Altars:
Trog


Innate Abilities, Weirdness & Mutations

Your plain brown scales are hard. (AC +5)
You cannot fit into any form of body armour.
You are cold-blooded and may be slowed by cold attacks.


Message History

Confirm with . or Enter, or press ? or * to list all spells.
You miscast Spider Form.
You are very lightly contaminated with residual magic.
Nothing appears to happen.
Casting: Spider Form
Confirm with . or Enter, or press ? or * to list all spells.
You create a snake!
You now have 11 arrows.
You swap places.
Found 24 arrows.
Your ball python bites the worm.
Your ball python grabs the worm.
Your ball python constricts the worm.
Your ball python bites the worm.
Your ball python constricts the worm.
The worm bites your ball python!
Your ball python dies!
Found 7 stones.
An adder comes into view.
The adder hisses angrily.
Found a scroll labeled XUEVOR JIGOSCH.
Found a stone staircase leading down.
You barely miss the adder. The adder bites you.
You die...

. . ### . .. ..# . ..#
#.# . .. #(# .
.####.#######.#########.
>.....S@......w........#
.##(#.#######.########..
.. ............. #?
###.#########. .. #.# #.
.. #.# #. . ... #. ###
#. #.


You could see a worm and an adder.

Vanquished Creatures
  A dart slug (D:1)
  3 leopard geckos (D:1)
  5 goblins (D:1)
  4 hobgoblins (D:1)
  6 jackals (D:1)
  2 bats (D:1)
  7 rats
28 creatures vanquished.

Notes
Turn   | Place    | Note
-------+----------+-------------------------------------------
     0 | D:1      | kae the Draconian Transmuter began the quest for the Orb.
     0 | D:1      | Reached XP level 1. HP: 16/16 MP: 3/3
    89 | D:1      | Reached XP level 2. HP: 9/23 MP: 3/5
   866 | D:1      | Reached XP level 3. HP: 23/29 MP: 6/6
   901 | D:1      | Learned a level 2 spell: Sticks to Snakes
   905 | D:1      | Learned a level 3 spell: Spider Form
   986 | D:2      | Found a bloodstained altar of Trog.
   986 | D:2      | Noticed a moth of wrath
  1036 | D:2      | HP: 1/29 [worm (3)]
  1071 | D:2      | Slain by an adder

Vault maps used:
D:1:      dpeg_arrival_simpleton_b
D:2:      kennysheep_big_flooded_room, tgw_trog, first_bread

Action                   || total
-------------------------++-------
Melee: Unarmed           ||   125
       Headbutt          ||     6
       Tailslap          ||     7
       Kick              ||     2
 Cast: Beastly Appendage ||     4
       Spider Form       ||     2
       Sticks to Snakes  ||     1
  Use: Scroll            ||     4
  Eat: Chunk             ||     1
Armor: Skin              ||    52
Dodge: Dodged            ||   124

Table legend:
 A = Spawn XP
 B = Non-spawn XP
 C = Spawn XP percentage of total XP
 D = Spawn monster count
 E = Non-spawn monster count
 F = Spawn count percentage of total count
 G = Total turns spent on level
                    A         B        C        D         E        F      G
               +---------+---------+-------+---------+---------+-------+---------
         Total |       0 |      52 |   0.0 |       0 |      28 |   0.0 |  1071
               +---------+---------+-------+---------+---------+-------+---------
           D:1 |       0 |      48 |   0.0 |       0 |      24 |   0.0 |   982
           D:2 |       0 |       4 |   0.0 |       0 |       4 |   0.0 |    89
               +---------+---------+-------+---------+---------+-------+---------
